 Dungeon Crawl Stone Soup version 0.31-a0-7-g51783674b7 (webtiles) character file.

Game seed: 17889472238588771376

65 mandoloar the Changer (level 4, -1/30 HPs)
             Began as an Octopode Transmuter on May 5, 2023.
             Slain by a jackal (3 damage)
             ... on level 3 of the Dungeon.
             The game lasted 00:06:59 (3600 turns).

mandoloar the Changer (Octopode Transmuter)         Turns: 3600, Time: 00:07:00

Health: -1/30      AC:  1    Str:  9    XL:     4   Next: 13%
Magic:  7/7        EV: 13    Int: 17    God:
Gold:   69         SH:  0    Dex: 12    Spells: 0/7 levels left

rFire   . . .        a - +0 short sword
rCold   . . .        (no shield)
rNeg    . . .        (helmet restricted)
rPois   .            (no amulet)
rElec   .            (no ring)
rCorr   .            (no ring)
SInv    .            (no ring)
Will    .....        (no ring)
Stlth   ++           (no ring)
HPRegen 0.25/turn    (no ring)
MPRegen 0.10/turn    (no ring)
                     (no ring)

%: no passive effects
@: no status effects
A: almost no armour, amphibious, 8 rings, camouflage 1, gelatinous body 1,
(nimble swimmer 1), tentacles
a: no special abilities


You were on level 3 of the Dungeon.
You visited 1 branch of the dungeon, and saw 3 of its levels.

You collected 69 gold pieces.

Inventory:

Hand Weapons
 a - a +0 short sword (weapon)
Missiles
 k - 3 poisoned darts (quivered)
 l - 29 stones
Wands
 i - a wand of flame (20)
Scrolls
 h - 3 scrolls of fog
 j - 2 scrolls of teleportation
Potions
 b - a potion of attraction {unknown}
 c - a potion of curing
 d - 2 potions of heal wounds {unknown}
 e - a potion of resistance {unknown}
 f - 2 potions of degeneration {unknown}
 g - 2 potions of lignification
 m - a potion of magic {unknown}


   Skills:
 + Level 2.7 Fighting
 - Level 2.0 Dodging
 - Level 3.0 Unarmed Combat
 - Level 2.0 Spellcasting
 + Level 3.3 Transmutations


You couldn't memorise any spells.
You knew the following spells:

 Your Spells              Type           Power      Damage    Failure   Level
a - Beastly Appendage     Tmut           26%        N/A       4%          1
b - Wereblood             Tmut           13%        N/A       8%          2
c - Ice Form              Ice/Tmut       7%         N/A       69%         4

Your spell library contained the following spells:

 Spells                   Type           Power      Damage    Failure   Level
 Spider Form              Tmut/Pois      7%         N/A       30%         3
 Blade Hands              Tmut           6%         N/A       80%         5
 Iron Shot                Conj/Erth      0%         9d1       100%        6
 Animate Armour           Summ/Erth      Unusable   N/A       N/A         4

Dungeon Overview and Level Annotations

Branches:
Dungeon (3/15)

Altars:
Trog
Xom

Shops:
D:2 ?

Annotations:
D:3 Grinder


Innate Abilities, Weirdness & Mutations

You cannot wear most types of armour.
You are amphibious.
You can wear up to eight rings at the same time.
Your skin changes colour to match your surroundings (Stealth+).
Your rubbery body absorbs attacks. (AC +1, EV +1)
((You are camouflaged when in or above water. (Stealth+)))
You have tentacles for arms and can constrict up to eight enemies at once.


Message History

You hit the jackal. You squeeze the jackal.
You kill the jackal!
Grinder comes into view.
She is carrying a wand of quicksilver (10).
You see here 5 poisoned darts.
There are monsters nearby!
You throw a poisoned dart.
The poisoned dart barely misses the jackal.
Grinder shouts!
Grinder zaps a wand.
The bolt of dispelling energy hits you!!
Your magical effects are unravelling.
Ouch! That really hurt!
Your tentacle spike disappears.
The jackal attacks as you move away! The jackal bites you.
The jackal closely misses you. The jackal bites you.
* * * LOW HITPOINT WARNING * * *
You are too injured to fight recklessly!
You hit the jackal. You grab the jackal.
The jackal is moderately wounded.
You constrict the jackal. The jackal bites you.
* * * LOW HITPOINT WARNING * * *
You release your grip on the jackal.
The jackal attacks as you move away! The jackal bites you.
* * * LOW HITPOINT WARNING * * *
The jackal closely misses you.
You are too injured to fight recklessly!
The jackal attacks as you move away! The jackal bites you.
* * * LOW HITPOINT WARNING * * *
You closely miss the jackal. Your grab misses the jackal.
Your squeeze misses the jackal.
The jackal is heavily wounded.
The jackal closely misses you. The jackal bites you.
* * * LOW HITPOINT WARNING * * *
You closely miss the jackal. You grab the jackal.
You squeeze the jackal, but do no damage.
The jackal is heavily wounded.
You constrict the jackal, but do no damage.
The jackal bites you.
You die...

#.........
#.(.......
#.5######.
#..# #..#
##.# #..#
##..####+#.#
#....h@....#
#.##.##.####
#. #)##.# #.
#....# ..
###..# .#
#..# ##.#
##..# #...#


You could see a jackal.

Vanquished Creatures
  An adder (D:2)
  2 dart slugs
  An orc (D:3)
  5 endoplasms
  A giant cockroach (D:1)
  2 goblins (D:1)
  3 hobgoblins
  A jackal (D:3)
  5 kobolds
  6 quokkas
  7 ball pythons
  5 bats
  4 frilled lizards
  6 rats
49 creatures vanquished.

Notes
Turn   | Place    | Note
-------+----------+-------------------------------------------
     0 | D:1      | mandoloar the Octopode Transmuter began the quest for the
                  | Orb.
     0 | D:1      | Reached XP level 1. HP: 13/13 MP: 3/3
   416 | D:1      | Reached XP level 2. HP: 14/18 MP: 3/5
   448 | D:1      | Learned a level 2 spell: Wereblood
  1074 | D:1      | Reached XP level 3. HP: 8/24 MP: 1/6
  2409 | D:2      | Found The Oracle's Delphic Readings.
  3000 | D:2      | Reached XP level 4. HP: 29/30 MP: 7/7
  3381 | D:2      | Learned a level 4 spell: Ice Form
  3493 | D:3      | Found a bloodstained altar of Trog.
  3508 | D:3      | Found a shimmering altar of Xom.
  3587 | D:3      | Noticed Grinder
  3600 | D:3      | Slain by a jackal

Illustrated notes

Levels and vault maps discovered:
D:1:      psy_arrival_heroes, layout_loops_ring, minivault_5
D:2:      layout_basic, nicolae_nh_oracle_at_delphi
D:3:      layout_rooms, okawaru_gym_becter,
          mainiacjoe_overflow_concentric_impassable, general_overflow_altar,
          old_standard_altar, gammafunk_ghost_smash, minmay_snake_closets,
          uniq_grinder

Skill      XL: |  1  2  3 |
---------------+----------+-----
Fighting       | 2 |  2.7
Transmutations | 3 |  3.3
Dodging        | |  2.0
Unarmed Combat | |  3.0
Spellcasting   | |  2.0

Action                     |  1- 3 |  4- 6 || total
---------------------------+-------+-------++-------
  Melee: Short sword       |    73 |     9 ||    82
         Spear             |     7 |       ||     7
         Constrict         |    21 |     5 ||    26
         Tentacles         |    15 |     4 ||    19
         Kick              |    20 |       ||    20
         Punch             |     1 |     1 ||     2
  Throw: Dart              |     2 |     8 ||    10
   Cast: Beastly Appendage |    34 |     4 ||    38
         Wereblood         |     2 |       ||     2
  Evoke: Wand              |     4 |     1 ||     5
    Use: Scroll            |     5 |       ||     5
   Stab: Sleeping          |     6 |       ||     6
 Armour: Skin              |     4 |       ||     4
  Dodge: Dodged            |    55 |     5 ||    60

Table legend: (Time is in decaauts)
 A = Elapsed time spent in this place.
 B = Non-inter-level travel time spent in this place.
 C = Inter-level travel time spent in this place.
 D = Time resting spent in this place.
 E = Time spent auto-exploring this place.
 F = Levels seen in this place.
 G = Mean time per level.
                   A        B        C        D        E       F      G
               +--------+--------+--------+--------+--------+-----+--------+
         Total |   3603 |   3294 |    309 |   1440 |   1419 |   3 | 1201.0 |
       Dungeon |   3603 |   3294 |    309 |   1440 |   1419 |   3 | 1201.0 |
               +--------+--------+--------+--------+--------+-----+--------+

Top non-repeatable levels by time:
     D:1: 1832 daAuts
     D:2: 1586 daAuts
     D:3: 183 daAuts
